 Dungeon Crawl Stone Soup version 0.17-a0-1133-gfb1399f (webtiles) character file.

149 Fluffy the Covered (level 5, -3/47 HPs)
             Began as a Hill Orc Fighter on May 25, 2015.
             Slain by an ogre
             ... wielding a +0 giant spiked club
              (11 damage)
             ... on level 4 of the Dungeon.
             The game lasted 00:04:35 (2292 turns).

Fluffy the Covered (Hill Orc Fighter)               Turns: 2292, Time: 00:04:36

Health: -3/47      AC:  9    Str: 19    XL:     5   Next: 31%
Magic:  5/5        EV:  7    Int:  8    God:
Gold:   318        SH:  9    Dex: 11    Spells: 0 memorised, 4 levels left

rFire  . . .     SeeInvis .     a - +0 war axe
rCold  . . .     Clarity  +     b - +0 scale mail
rNeg   . . .     SustAt   .     c - +0 shield
rPois  .         Gourm    .     (no helmet)
rElec  .         Spirit   .     x - +0 cloak
rCorr  .         Warding  .     w - +0 pair of gloves
rMut   .         Stasis   .     (no boots)
MR     .....                    j - amulet of clarity
Stlth  +.........               (no ring)
                                m - ring of stealth

@: not resistant to hostile enchantments, very unstealthy
A: no striking features
a: no special abilities


You were on level 4 of the Dungeon.
You were near starving.

You visited 1 branch of the dungeon, and saw 4 of its levels.

You collected 318 gold pieces.

Inventory:

Hand weapons
 a - a +0 war axe (weapon)
Armour
 b - a +0 scale mail (worn)
 c - a +0 shield (worn)
 w - a +0 pair of gloves (worn)
 x - a +0 cloak (worn)
Jewellery
 j - an amulet of clarity (around neck)
 m - a ring of stealth (left hand)
Magical devices
 r - a wand of slowing (15)
 y - a wand of random effects (15)
Scrolls
 f - a scroll of recharging {unknown}
 i - a scroll of amnesia {unknown}
 n - 3 scrolls of enchant weapon {unknown}
 p - 3 scrolls of teleportation {unknown}
 s - 2 scrolls of random uselessness {unknown}
 t - 4 scrolls of fog {unknown}
 v - 2 scrolls of remove curse {unknown}
Potions
 d - a potion of might
 g - a potion of heal wounds {unknown}
 k - 3 potions of brilliance {unknown}
 l - 2 potions of invisibility {unknown}
 q - 3 potions of curing {unknown}
 z - 2 potions of agility {unknown}
 A - a potion of flight {unknown}
 B - a potion of poison {unknown}
Comestibles
 e - 3 bread rations
 h - a beef jerky
 o - 2 meat rations
 u - a slice of pizza


   Skills:
 + Level 4.7 Fighting
 + Level 4.4 Axes
 + Level 4.9 Armour
 - Level 3.2 Shields


You had 4 spell levels left.
You didn't know any spells.

Dungeon Overview and Level Annotations

Branches:
Dungeon (4/15)
 Temple: D:4-7

Altars:
Qazlal
Xom


Message History

An ogre comes into view. It is wielding a giant spiked club.
The ogre shouts!
You hit the ogre but do no damage. The ogre closely misses you.
You hit the ogre.
The ogre is lightly wounded.
The ogre hits you with a giant spiked club!!
Ouch! That really hurt!
You hit the ogre.
The ogre is moderately wounded.
You block the ogre's attack.
You hit the ogre.
The ogre is moderately wounded.
The ogre hits you with a giant spiked club.
You hit the ogre.
The ogre is heavily wounded.
The ogre hits you with a giant spiked club!
* * * LOW HITPOINT WARNING * * *
Found a stormy altar of Qazlal.
The ogre hits you with a giant spiked club!
You die...

##...## #.....##
.......#################
.......................#
....... ######.####.#.#
#..... #.# #.#.#
##...##########.####.#.#§§§
....†((.........@O.....#####
#######.#######.###........_
#<# #.# ##...##### #.# #.#
#..##§§§§ #.# #.# ##..#§§§§
... #.# #.# §§§ ..# #.# .#
§§ ##.# #.# .# #.#


You could see an ogre.

Vanquished Creatures
  A jelly (D:3)
  Crazy Yiuf (D:2)
  3 adders
  2 oozes
  2 worms (D:3)
  A giant gecko (D:2)
  2 ball pythons
  7 goblins
  3 hobgoblins
  A quokka (D:2)
  8 bats
  2 giant cockroaches
  2 giant newts
  8 kobolds
  12 rats
  A butterfly (D:3)
56 creatures vanquished.

Notes
Turn   | Place    | Note
--------------------------------------------------------------
     0 | D:1      | Fluffy the Hill Orc Fighter began the quest for the Orb.
     0 | D:1      | Reached XP level 1. HP: 19/19 MP: 1/1
   209 | D:1      | Reached XP level 2. HP: 27/27 MP: 2/2
   779 | D:2      | Reached skill level 4 in Fighting
   779 | D:2      | Reached XP level 3. HP: 28/33 MP: 3/3
  1182 | D:2      | Reached XP level 4. HP: 37/40 MP: 4/4
  1552 | D:2      | Noticed Crazy Yiuf
  1563 | D:2      | Killed Crazy Yiuf
  1661 | D:3      | Found a shimmering altar of Xom.
  1901 | D:3      | Reached XP level 5. HP: 43/47 MP: 5/5
  2280 | D:4      | Noticed an ogre
  2288 | D:4      | Found a stormy altar of Qazlal.
  2292 | D:4      | Slain by an ogre

Vault maps used:
D:1:      mrwooster_arrival_statue_2, minmay_rat_gold_closets
D:2:      uniq_crazy_yiuf_cottage
D:3:      xom_butterflies
D:4:      nicolae_overflow_hidden_temple, zin_purify, minmay_temple_entry_grid,
          first_bread, nicolae_qazlal_eye_of_the_storm

Action                   |  1- 3 |  4- 6 || total
-------------------------+-------+-------++-------
Melee: War axe           |   102 |    78 ||   180
  Eat: Chunk             |     1 |     2 ||     3
